 Dungeon Crawl Stone Soup version 0.31-a0-180-g519b7de00c (webtiles) character file.

Game seed: 7114275913636739153

53 qw the Shooter (level 3, -1/32 HPs)
             Began as a Naga Hunter on June 19, 2023.
             Slain by Pargi (2 damage)
             ... on level 3 of the Dungeon.
             The game lasted 00:00:34 (2035 turns).

qw the Shooter (Naga Hunter)                        Turns: 2035, Time: 00:00:34

Health: -1/32      AC:  2    Str: 17    XL:     3   Next: 87%
Magic:  1/1        EV: 14    Int: 17    God:
Gold:   119        SH:  0    Dex: 16    Spells: 2/2 levels left

rFire   . . .        k - +7 sling of Demyuf {antimagic, rPois Str+4 Int+8}
rCold   . . .        (no shield)
rNeg    . . .        c - +0 leather armour
rPois   +            (no helmet)
rElec   .            (no cloak)
rCorr   .            (no gloves)
SInv    +            (no barding)
Will    .....        (no amulet)
Stlth   ++           g - +5 ring of evasion
HPRegen 0.25/turn    (no ring)
MPRegen 0.07/turn

%: no passive effects
@: about to teleport, short of breath, very slow
A: AC +1, large, see invisible, deformed body, poison resistance, slowness 2,
spit poison 1, naga tail 1
a: Spit Poison


You were on level 3 of the Dungeon.
You visited 1 branch of the dungeon, and saw 3 of its levels.

You collected 145 gold pieces.
You spent 26 gold pieces at shops.


Innate Abilities, Weirdness & Mutations

Your serpentine skin is tough. (AC +1)
You have supernaturally acute eyesight. (SInv)
Armour fits poorly on your strangely shaped body.
Your system is resistant to poisons. (rPois)
You cover ground very slowly.
You can spit poison.
You have a snake-like lower body.


   Skills:
 - Level 2.0 Fighting
 + Level 4.9 Ranged Weapons
 - Level 1.5 Dodging
 - Level 1.5 Stealth


You had 2 spell levels left.
You didn't know any spells.
Your spell library was empty.

Inventory:

Hand Weapons
 k - the +7 sling of Demyuf (weapon) {antimagic, rPois Str+4 Int+8}
   (You found it on level 3 of the Dungeon)

   Str:       It affects your strength (+4).
   Int:       It affects your intelligence (+8).
   rPois:     It protects you from poison.
Armour
 c - a +0 leather armour (worn)
Jewellery
 g - a +5 ring of evasion (left hand)
Scrolls
 a - 3 scrolls of identify
 l - a scroll of enchant weapon {unknown}
Potions
 d - a potion of curing
 e - a potion of attraction {unknown}
 f - a potion of resistance {unknown}
 h - a potion of cancellation {unknown}
 i - a potion of berserk rage {unknown}
 j - a potion of heal wounds {unknown}

Dungeon Overview and Level Annotations

Branches:
Dungeon (3/15)

Altars:
Cheibriados

Shops:
D:3 *

Annotations:
D:3 Pargi


Message History

Enter note:
Enter note:
2026 ||| INVOKING Spit Poison.
Aiming: Spit Poison (2% risk of failure)
Press: ? - help, Shift-Dir - straight line, f - Pargi The splash of poison hits Pargi.
Pargi is poisoned.
Pargi is lightly wounded.
Pargi pleads, "Don't hit me!"
You shoot a sling bullet. The sling bullet closely misses Pargi.
You shoot a sling bullet. The sling bullet closely misses Pargi.
Pargi bites you. Pargi barely misses you. Pargi claws you.
You shoot a sling bullet. The sling bullet closely misses Pargi.
You have got your breath back.
Pargi misses you. Pargi claws you but does no damage. Pargi claws you.
2030 ||| INVOKING Spit Poison.
Aiming: Spit Poison (2% risk of failure)
Press: ? - help, Shift-Dir - straight line, f/p - Pargi The splash of poison misses Pargi.
Pargi snarls, "My home!
Leave!"
Pargi bites you. Pargi claws you but does no damage. Pargi claws you.
You shoot a sling bullet. The sling bullet closely misses Pargi.
Pargi bites you. Pargi claws you. x2
You shoot a sling bullet. The sling bullet closely misses Pargi.
Pargi looks more healthy.
Pargi closely misses you. Pargi claws you. x2
2033 ||| READING scroll of teleportation.
As you read the scroll of teleportation, it crumbles to dust.
You feel strangely unstable. Pargi bites you.
Pargi claws you but does no damage. Pargi closely misses you.
You shoot a sling bullet. The sling bullet closely misses Pargi.
You have got your breath back.
Pargi bites you but does no damage. Pargi claws you.
Pargi barely misses you. x2
Pargi claws you. Pargi misses you.
2035 ||| INVOKING Spit Poison.
Aiming: Spit Poison (2% risk of failure)
Press: ? - help, Shift-Dir - straight line, f/p - Pargi The splash of poison hits Pargi.
Pargi is poisoned.
Pargi is lightly wounded.
Pargi looks very sad for a moment.
Pargi bites you. Pargi claws you. x2
You die...

### #.. ### #.# #.. #
#.# #### #.########...
############........#.##
.......@.....######.#.##
.####!.T####.# #.#.#
#...# #.######...##
#.... .(.......#...
...... #.####.....##
........ #.# #.....#
#........ ..# #.....#
####....[...%...#...###
##.....###


You could see Pargi (poisoned).

Vanquished Creatures
  A mummy (D:3)
  3 worms (D:2)
  3 bats
  3 endoplasms
  A giant cockroach (D:3)
  3 goblins
  4 quokkas
  4 ball pythons
  2 frilled lizards
  6 kobolds
  3 rats
33 creatures vanquished.

Notes
Turn   | Place    | Note
-------+----------+-------------------------------------------
     0 | D:1      | qw the Naga Hunter began the quest for the Orb.
     0 | D:1      | Reached XP level 1. HP: 19/19 MP: 1/1
     0 | D:1      | 0 ||| qw: Version: 0.3-a-7-ge0c9b40
     0 | D:1      | 0 ||| qw: Game counter: 910
     0 | D:1      | 0 ||| qw: Always use a shield: true
     0 | D:1      | 0 ||| qw: God list: Okawaru
     0 | D:1      | 0 ||| qw: Allow faded altars: false
     0 | D:1      | 0 ||| qw: Do Orc after D:15 true
     0 | D:1      | 0 ||| qw: Do second Lair branch before Depths: true
     0 | D:1      | 0 ||| qw: Lair rune preference: random
     0 | D:1      | 0 ||| qw: Plans: Normal
     0 | D:1      | 0 ||| PLANNING D:1-11
   101 | D:1      | 101 ||| INVOKING Spit Poison.
   199 | D:1      | 199 ||| INVOKING Spit Poison.
   245 | D:1      | 245 ||| INVOKING Spit Poison.
   248 | D:1      | 248 ||| INVOKING Spit Poison.
   283 | D:1      | 283 ||| INVOKING Spit Poison.
   294 | D:1      | 294 ||| INVOKING Spit Poison.
   364 | D:1      | 364 ||| INVOKING Spit Poison.
   365 | D:1      | Reached skill level 4 in Ranged Weapons
   365 | D:1      | Reached XP level 2. HP: 26/26 MP: 2/2
   423 | D:1      | 423 ||| INVOKING Spit Poison.
   427 | D:1      | 427 ||| INVOKING Spit Poison.
   449 | D:1      | 449 ||| INVOKING Spit Poison.
   735 | D:1      | 735 ||| READING 3 scrolls labelled ZOTHRA SARGHUGO.
   736 | D:1      | 736 ||| READING scroll labelled XUDWYA NINONOSIR.
   740 | D:1      | 740 ||| READING scroll labelled FOECVU QUKHAGG.
   741 | D:1      | 741 ||| READING 2 scrolls of identify.
   741 | D:1      | 741 ||| IDENTIFYING fizzy brown potion
   742 | D:1      | 742 ||| DROPPING scroll of butterflies.
   743 | D:1      | 743 ||| DROPPING potion of lignification.
   910 | D:2      | 910 ||| INVOKING Spit Poison.
  1040 | D:2      | 1040 ||| INVOKING Spit Poison.
  1044 | D:2      | 1044 ||| INVOKING Spit Poison.
  1048 | D:2      | 1048 ||| INVOKING Spit Poison.
  1052 | D:2      | 1052 ||| INVOKING Spit Poison.
  1057 | D:2      | 1057 ||| INVOKING Spit Poison.
  1112 | D:2      | 1112 ||| FLEEEEING.
  1113 | D:2      | 1113 ||| FLEEEEING.
  1114 | D:2      | 1114 ||| FLEEEEING.
  1115 | D:2      | 1115 ||| STAIRDANCE
  1126 | D:1      | 1126 ||| UPGRADING to +5 ring of evasion.
  1127 | D:1      | 1127 ||| READING scroll labelled AJOUMIFR RIMIU.
  1128 | D:1      | 1128 ||| READING 2 scrolls of identify.
  1128 | D:1      | 1128 ||| IDENTIFYING sedimented blue potion
  1131 | D:2      | 1131 ||| INVOKING Spit Poison.
  1155 | D:2      | 1155 ||| INVOKING Spit Poison.
  1160 | D:2      | 1160 ||| INVOKING Spit Poison.
  1178 | D:2      | 1178 ||| READING scroll labelled HIYTHA RUSMUD.
  1181 | D:2      | 1181 ||| INVOKING Spit Poison.
  1264 | D:2      | 1264 ||| INVOKING Spit Poison.
  1267 | D:2      | 1267 ||| INVOKING Spit Poison.
  1270 | D:2      | 1270 ||| INVOKING Spit Poison.
  1271 | D:2      | Reached XP level 3. HP: 11/32 MP: 3/3
  1692 | D:2      | Found Bogacv Guff's Assorted Antiques.
  1694 | D:2      | 1694 ||| INVOKING Spit Poison.
  1767 | D:2      | 1767 ||| READING scroll labelled EPTEXU XELORY.
  1768 | D:2      | 1768 ||| READING scroll labelled ETOICLIYKI.
  1794 | D:3      | 1794 ||| INVOKING Spit Poison.
  1796 | D:3      | Found Naiwam's General Store.
  1800 | D:3      | 1800 ||| INVOKING Spit Poison.
  1857 | D:3      | Found a snail-covered altar of Cheibriados.
  1880 | D:3      | Identified the +7 sling of Demyuf {antimagic, rPois Str+4
                  | Int+8}
  1882 | D:3      | 1882 ||| SWAPPING to +7 sling of Demyuf {antimagic, rPois
                  | Str+4 Int+8}.
  1883 | D:3      | 1883 ||| DROPPING +0 shortbow.
  1909 | D:3      | 1909 ||| INVOKING Spit Poison.
  1969 | D:3      | 1969 ||| BUYING scroll of identify (26 gold).
  1969 | D:3      | Bought a scroll of identify for 26 gold pieces
  1994 | D:3      | 1994 ||| INVOKING Spit Poison.
  2025 | D:3      | Noticed Pargi
  2026 | D:3      | 2026 ||| INVOKING Spit Poison.
  2030 | D:3      | 2030 ||| INVOKING Spit Poison.
  2032 | D:3      | HP: 8/32 [Pargi (4)]
  2033 | D:3      | 2033 ||| READING scroll of teleportation.
  2034 | D:3      | HP: 3/32 [Pargi (1)]
  2035 | D:3      | 2035 ||| INVOKING Spit Poison.
  2035 | D:3      | HP: 1/32 [Pargi (1)]
  2035 | D:3      | Slain by Pargi

Levels and vault maps discovered:
D:1:      heliophobic_arrival_battle_scene, layout_basic
D:2:      layout_basic, serial_shops, shop, minmay_tetromino_s2
D:3:      layout_loops_ring, slow_altar_1, serial_shops,
          nicolae_shop_window_shopping, minivault_25, uniq_pargi

Skill      XL: |  1 |
---------------+----+-----
Ranged Weapons | 4 |  4.9
Fighting       | |  2.0
Dodging        | |  1.5
Stealth        | |  1.5

Action                     || total
---------------------------++-------
   Fire: Shortbow          ||    55
         Sling             ||     8
Ability: Spit Poison       ||    31
    Use: Scroll            ||    10
 Armour: Leather armour    ||     5
  Dodge: Dodged            ||    19

Table legend:
 A = Non-vault XP
 B = Vault XP
 C = Vault XP percentage of total XP
 D = Non-vault monster count
 E = Vault monster count
 F = Vault count percentage of total count
                 A         B        C        D         E       F
            +---------+---------+-------+---------+---------+-------
      Total |      55 |      21 |  27.6 |      30 |       3 |   9.1
            +---------+---------+-------+---------+---------+-------
        D:1 |      16 |       0 |   0.0 |      11 |       0 |   0.0
        D:2 |      24 |       3 |  11.1 |      10 |       2 |  16.7
        D:3 |      15 |      18 |  54.5 |       9 |       1 |  10.0
            +---------+---------+-------+---------+---------+-------
